 Dungeon Crawl Stone Soup version 0.28.0-53-g5a82cb258f (webtiles) character file.

Game seed: 12651970538250243115

611 quokkamancerX the Caller (level 7, -1/36 HPs)
             Began as a Tengu Summoner on June 8, 2022.
             Killed by divine providence
             ... invoked by an orc priest
              (12 damage)
             ... on level 4 of the Dungeon.
             The game lasted 00:23:23 (5315 turns).

quokkamancerX the Caller (Tengu Summoner)           Turns: 5315, Time: 00:23:24

Health: -1/36      AC:  2    Str:  8    XL:     7   Next: 44%
Magic:  6/13       EV: 14    Int: 18    God:
Gold:   20         SH:  0    Dex: 14    Spells: 8/13 levels left

rFire   . . .      SeeInvis .   k - +2 dagger (venom)
rCold   . . .      Faith    .   (no shield)
rNeg    . . .      Spirit   .   a - +0 robe
rPois   .          Reflect  .   (helmet restricted)
rElec   .          Harm     .   (no cloak)
rCorr   .          Rampage  .   (no gloves)
Will    .....                   (boots unavailable)
Stlth   +++.......              (no amulet)
HPRegen 0.12/turn               (no ring)
MPRegen 0.13/turn               (no ring)

@: flying quickly and evasively, quick
A: beak, talons 3, nimble flight
a: no special abilities


You were on level 4 of the Dungeon.
You visited 1 branch of the dungeon, and saw 4 of its levels.

You collected 141 gold pieces.
You spent 121 gold pieces at shops.

Inventory:

Hand Weapons
 k - a +2 dagger of venom (weapon)
Armour
 a - a +0 robe (worn)
 f - a +0 kite shield
Wands
 o - a wand of iceblast (9)
Scrolls
 b - a scroll of amnesia
 e - a scroll of immolation
 g - a scroll of summoning
 i - a scroll of fear {unknown}
 j - 2 scrolls of teleportation {unknown}
 m - a scroll of enchant weapon {unknown}
 n - 2 scrolls of silence
Potions
 c - 3 potions of heal wounds
 d - 3 potions of curing
 h - a potion of cancellation {unknown}
 l - a potion of magic
 p - a potion of mutation {unknown}
 q - a potion of brilliance {unknown}


   Skills:
 - Level 2.1 Dodging
 - Level 6.0 Stealth
 - Level 3.6 Spellcasting
 + Level 7.4 Summonings


You had 8 spell levels left.
You knew the following spells:

 Your Spells              Type           Power      Damage    Failure   Level
b - Call Canine Familiar  Summ           30%        N/A       2%          3
c - Call Imp              Summ           30%        N/A       1%          2

Your spell library contained the following spells:

 Spells                   Type           Power      Damage    Failure   Level
 Summon Small Mammal      Summ           100%       N/A       1%          1
 Summon Guardian Golem    Hex/Summ       16%        N/A       10%         3
 Sting                    Tmut/Pois      12%        1d3       16%         1
 Poisonous Vapours        Pois/Air       6%         N/A       24%         2
 Summon Lightning Spire   Summ/Air       16%        N/A       32%         4
 Olgreb's Toxic Radiance  Pois           3%         N/A       83%         4


Dungeon Overview and Level Annotations

Branches:
Dungeon (4/15)
 Temple: D:4-7

Altars:
Cheibriados
Kikubaaqudgha
Sif Muna
Vehumet

Shops:
D:1 !


Innate Abilities, Weirdness & Mutations

You have a beak for a mouth.
You have claws for feet.
Your magical nature lets you fly swiftly and evasively.


Message History

Beogh smites you!
Aiming: Iceblast
Press: ? - help, Shift-Dir - straight line, f - orc wizard, p - orc warrior
Aim: an orc wizard, wielding a +0 dagger and wearing a +0 robe (severely wounded)
The mass of ice explodes!
The iceblast engulfs the orc warrior!
The orc warrior is severely wounded.
The iceblast engulfs the orc wizard!
You kill the orc wizard!
The orc wizard shouts!
You hear a shout!
The orc wizard gestures wildly while chanting.
The orc wizard flickers and vanishes!
Deactivating autopickup; reactivate with Ctrl-A.
Casting: Call Imp (safe; 1% risk of failure)
Confirm with . or Enter, or press ? or * to list all spells.
Your hound closely misses the orc warrior.
The orc warrior hits your hound with a +0 trident!!
Your hound dies!
Your hound's corpse disappears in a puff of smoke!
Casting: Call Canine Familiar (dangerous; 2% risk of failure)
Confirm with . or Enter, or press ? or * to list all spells.
You swap places.
Casting: Call Canine Familiar (dangerous; 2% risk of failure)
Confirm with . or Enter, or press ? or * to list all spells.
A beastly little devil appears in a puff of flame.
Your hound misses the orc warrior.
The orc warrior closely misses your hound.
Your hound bites the orc warrior.
The orc warrior hits your hound with a +0 trident!
Your hound bites the orc warrior.
You swap places.
Your hound bites the orc warrior.
The orc warrior hits your hound with a +0 trident!
Your hound dies!
Your hound's corpse disappears in a puff of smoke!
The orc priest invokes the aid of Beogh against you.
Beogh smites you!
Your crimson imp hits the orc warrior but does no damage.
The orc warrior barely misses your crimson imp.
The orc priest invokes the aid of Beogh against you.
Beogh smites you!
You die...

###..# #.#
#.#.#.....## ####
### #.#.#.###...
#.#.#.# #.##
#########.#.#.# #...
♣♣..♣
#.........#.#.#####.
.o..
###########.#>...(..
.$/. ### #.#.#####.
# ♣..♣
#####.#####.........
#.♣♣oo♣♣
#..@.#......).#####.
..o†.
##.##.######### #.
#'S# #.#### #. #.h#
#5# #. ##.# #o# #.
#.#####{# ##
#....§o.#
#####o#####
#.#..ooho...######


You could see an orc warrior (ally target), an orc priest and a friendly crimson
imp (summoned).

Vanquished Creatures
  An ogre (D:4)
  Jessica (D:2)
  5 orc wizards (D:4)
  A hound skeleton (D:4)
  4 adders
  An ufetubus (D:4)
  An orc (D:3)
  An endoplasm (D:2)
  A giant cockroach (D:3)
  2 goblins
  3 hobgoblins
  2 jackals
  3 kobolds
  4 quokkas
  4 ball pythons
  2 bats
  2 frilled lizards
  5 rats
43 creatures vanquished.

Vanquished Creatures (collateral kills)
  Sigmund (D:3)
  A centaur skeleton (D:4)
  An orc wizard (D:4)
  3 adders
  A worm (D:2)
  3 orcs
  An endoplasm (D:1)
  2 giant cockroaches
  5 hobgoblins
  6 jackals
  6 kobolds
  3 quokkas
  4 ball pythons
  A bat (D:1)
  A frilled lizard (D:2)
  3 goblins
  A rat (D:3)
43 creatures vanquished.

Vanquished Creatures (others)
  4 fungi (D:3)
4 creatures vanquished.

Grand Total: 90 creatures vanquished

Notes
Turn   | Place    | Note
-------+----------+-------------------------------------------
     0 | D:1      | quokkamancerX the Tengu Summoner began the quest for the
                  | Orb.
     0 | D:1      | Reached XP level 1. HP: 10/10 MP: 4/4
   253 | D:1      | Reached XP level 2. HP: 9/15 MP: 6/6
   365 | D:1      | Found a faded altar of an unknown god.
   372 | D:1      | Learned a level 2 spell: Call Imp
   495 | D:1      | Found Fitekint's Distillery.
   846 | D:1      | Reached XP level 3. HP: 15/19 MP: 7/7
  1150 | D:1      | Bought a potion of curing for 33 gold pieces
  1575 | D:2      | Learned a level 3 spell: Call Canine Familiar
  1581 | D:2      | Reached XP level 4. HP: 24/24 MP: 5/9
  1983 | D:2      | Noticed Jessica
  1997 | D:2      | Killed Jessica
  2551 | D:3      | Gained mutation: Your magical nature lets you fly swiftly
                  | and evasively. [Tengu growth]
  2551 | D:3      | Reached XP level 5. HP: 17/28 MP: 6/11
  2957 | D:3      | Found a snail-covered altar of Cheibriados.
  3154 | D:3      | Noticed Sigmund
  3200 | D:3      | Killed Sigmund
  3201 | D:3      | Reached skill level 5 in Stealth
  3201 | D:3      | Reached skill level 5 in Summonings
  3201 | D:3      | Reached XP level 6. HP: 25/32 MP: 1/12
  3889 | D:1      | Bought a potion of magic for 88 gold pieces
  4129 | D:4      | Reached skill level 6 in Summonings
  4266 | D:4      | Reached XP level 7. HP: 30/36 MP: 8/13
  4494 | D:4      | Found a shimmering blue altar of Sif Muna.
  4505 | D:4      | Found an ancient bone altar of Kikubaaqudgha.
  4529 | D:4      | Found a radiant altar of Vehumet.
  4925 | D:4      | Reached skill level 7 in Summonings
  5315 | D:4      | Killed from afar by an orc priest

Illustrated notes

Levels and vault maps discovered:
D:1:      lightli_arrival_boilingwater, layout_loops_ring, serial_shops, shop,
          ebering_ecumenical_altar_petrified
D:2:      layout_basic, uniq_jessica
D:3:      layout_basic, mainiacjoe_overflow_chevrons, uniq_sigmund
D:4:      layout_loops_ring, palyth_temple_overflow_mages,
          kennysheep_generic_room_5

Skill      XL: |  1  2  3  4  5  6  7 |
---------------+----------------------+-----
Stealth        | 3 4 5 6 |  6.0
Spellcasting   | 3 |  3.6
Summonings     | 5 6 7 |  7.4
Dodging        | |  2.1

Action                   |  1- 3 |  4- 6 |  7- 9 || total
-------------------------+-------+-------+-------++-------
Melee: Dagger            |    37 |    43 |    19 ||    99
       Kick              |     5 |    10 |     2 ||    17
       Peck              |     5 |     5 |     3 ||    13
 Cast: Summon Small Mamm |    17 |    11 |       ||    28
       Call Imp          |     8 |     5 |     4 ||    17
       Call Canine Famil |     1 |    20 |     3 ||    24
Evoke: Wand              |       |       |     2 ||     2
  Use: Potion            |     1 |       |       ||     1
       Scroll            |       |     7 |       ||     7
 Stab: Sleeping          |     3 |     3 |     5 ||    11
       Distracted        |     1 |     1 |       ||     2
Armor: Robe              |     3 |    11 |     1 ||    15
Dodge: Dodged            |    33 |    30 |     6 ||    69
